| TOP OF THE 1ST |
|
Quad Cities River Bandits batting - Pitching for Lake County Captains : LHP Darrell Verkaik
|
|
Pitching: LHP Darrell Verkaik
|
|
|
Batting: RHB Xavier Castaneda
|
0-0: Ball 1-0: SINGLE (Line Drive, 78M, EV 105.0 MPH)
|
|
Batting: RHB Justin Olmstead
|
0-0: Ball Wild Pitch! Xavier Castaneda to second 1-0: Ball 2-0: Ground out 5-3 (Groundball, 56, EV 85.6 MPH)
|
|
Batting: RHB Elijah Hunter
|
0-0: Ground out 6-3 (Groundball, 56, EV 86.9 MPH)
|
|
Batting: RHB Juan Mendoza
|
0-0: Ball 1-0: Ball 2-0: Ball 3-0: Base on Balls
|
|
Batting: LHB Josh Birkner
|
0-0: Called Strike 0-1: Ball 1-1: Foul Ball, location: 2F 1-2: Foul Ball, location: 2F 1-2: Foul Ball, location: 2F 1-2: Foul Ball, location: 2F 1-2: Strikes out swinging
|
| Top of the 1st over - 0 runs, 1 hit, 0 errors, 2 left on base; Quad Cities 0 - Lake County 0 |
| BOTTOM OF THE 1ST |
|
Lake County Captains batting - Pitching for Quad Cities River Bandits : RHP David Toellner
|
|
Pitching: RHP David Toellner
|
|
|
Batting: RHB Steve Gusman
|
0-0: Ground out 5-3 (Groundball, 56, EV 91.9 MPH)
|
|
Batting: RHB David Schweitzer
|
0-0: Ball 1-0: Ball 2-0: Called Strike 2-1: Ball 3-1: Base on Balls
|
|
Batting: LHB Devon Grant
|
0-0: Ball 1-0: Ball 2-0: Called Strike 2-1: Foul Ball, location: 2F 2-2: Ball 3-2: Ground out 4-3 (Groundball, 4M, EV 108.8 MPH) David Schweitzer to second
|
|
Batting: LHB Danny Moreno
|
0-0: Ball 1-0: Ground out 4-3 (Groundball, 4, EV 101.2 MPH)
|
| Bottom of the 1st over - 0 runs, 0 hits, 0 errors, 1 left on base; Quad Cities 0 - Lake County 0 |
| TOP OF THE 2ND |
|
Quad Cities River Bandits batting - Pitching for Lake County Captains : LHP Darrell Verkaik
|
|
Batting: RHB Jordan Williams
|
0-0: Ball 1-0: Foul Ball, location: 2F 1-1: Swinging Strike 1-2: Ball 2-2: Foul Ball, location: 2F 2-2: Strikes out swinging
|
|
Batting: SHB Salvador Gomez
|
0-0: Ball 1-0: Ball 2-0: Ball 3-0: Base on Balls
|
|
Batting: RHB Kieron Clark
|
0-0: Ball 1-0: Ball 2-0: Foul Ball, location: 2F 2-1: Ball 3-1: Swinging Strike 3-2: Base on Balls Salvador Gomez to second
|
|
Batting: LHB Bruce Arvizu
|
0-0: Ball 1-0: Ball 2-0: Swinging Strike 2-1: Foul Ball, location: 2F 2-2: Ball 3-2: Fly out, F8 (Flyball, 8LD, EV 91.9 MPH)
|
|
Batting: RHB Xavier Castaneda
|
0-0: Ground out U3 (Groundball, 3, EV 93.1 MPH)
|
| Top of the 2nd over - 0 runs, 0 hits, 0 errors, 2 left on base; Quad Cities 0 - Lake County 0 |
| BOTTOM OF THE 2ND |
|
Lake County Captains batting - Pitching for Quad Cities River Bandits : RHP David Toellner
|
|
Batting: RHB Ricky Butts
|
0-0: Ball 1-0: Called Strike 1-1: Foul Ball, location: 2F 1-2: Ball 2-2: Foul Ball, location: 2F 2-2: Ball 3-2: Base on Balls
|
|
Batting: RHB Josh Stinnett
|
0-0: Ball 1-0: Ball 2-0: Ball 3-0: Base on Balls Ricky Butts to second
|
|
Batting: RHB Reynaldo Herrera
|
0-0: Fielders Choice at 2nd, 5-4 (Groundball, 56S, EV 86.9 MPH) Ricky Butts to third
|
|
Batting: RHB Vij Ramamani
|
0-0: Ball Reynaldo Herrera steals 2nd base 1-0: Ball 2-0: Ground out 6-3 (Groundball, 6S, EV 85.6 MPH) Ricky Butts scores
|
|
Batting: RHB Gashie Chimsima
|
0-0: Foul Ball, location: 2F 0-1: Swinging Strike 0-2: Foul Ball, location: 2F 0-2: Ball 1-2: Strikes out swinging
|
| Bottom of the 2nd over - 1 run, 0 hits, 0 errors, 1 left on base; Quad Cities 0 - Lake County 1 |
| TOP OF THE 3RD |
|
Quad Cities River Bandits batting - Pitching for Lake County Captains : LHP Darrell Verkaik
|
|
Batting: RHB Justin Olmstead
|
0-0: Called Strike 0-1: Called Strike 0-2: Reached on error, E3 (Groundball, 13, EV 88.1 MPH)
|
|
Batting: RHB Elijah Hunter
|
0-0: Called Strike 0-1: Foul Ball, location: 2F 0-2: Ball 1-2: Strikes out swinging
|
|
Batting: RHB Juan Mendoza
|
0-0: DOUBLE (Flyball, 8RXD, EV 100.6 MPH) Justin Olmstead to third
|
|
Batting: LHB Josh Birkner
|
0-0: Ball 1-0: Ground out U3 (Groundball, 3S, EV 83.8 MPH)
|
|
Batting: RHB Jordan Williams
|
0-0: Ground out 5-3 (Groundball, 5, EV 76.9 MPH)
|
| Top of the 3rd over - 0 runs, 1 hit, 1 error, 2 left on base; Quad Cities 0 - Lake County 1 |
| BOTTOM OF THE 3RD |
|
Lake County Captains batting - Pitching for Quad Cities River Bandits : RHP David Toellner
|
|
Batting: RHB Steve Gusman
|
0-0: Ball 1-0: Swinging Strike 1-1: Ball 2-1: Foul Ball, location: 2F 2-2: Ball 3-2: Strikes out swinging
|
|
Batting: RHB David Schweitzer
|
0-0: Called Strike 0-1: Ball 1-1: SINGLE (Flyball, 8LS, EV 93.1 MPH)
|
|
Batting: LHB Devon Grant
|
0-0: Ball 1-0: Foul Ball, location: 2F 1-1: Foul Ball, location: 2F 1-2: Ball 2-2: Ball 3-2: Base on Balls David Schweitzer to second
|
|
Batting: LHB Danny Moreno
|
0-0: Ball 1-0: Ball 2-0: Called Strike 2-1: SINGLE (Line Drive, 89S, EV 106.9 MPH) David Schweitzer to third Devon Grant to second
|
|
Batting: RHB Ricky Butts
|
0-0: Called Strike 0-1: Ball 1-1: Ball 2-1: Called Strike 2-2: Fly out, F8 (Flyball, 8LS, EV 94.4 MPH)
|
|
Batting: RHB Josh Stinnett
|
0-0: Ball 1-0: Ball 2-0: Called Strike 2-1: DOUBLE (Line Drive, 9LM, EV 95.6 MPH) David Schweitzer scores Devon Grant scores Danny Moreno to third
|
|
Batting: RHB Reynaldo Herrera
|
0-0: Ball 1-0: Foul Ball, location: 2F 1-1: Swinging Strike 1-2: Ball 2-2: Foul Ball, location: 2F 2-2: Fly out, F5 (Popup, 5F, EV 61.9 MPH)
|
| Bottom of the 3rd over - 2 runs, 3 hits, 0 errors, 2 left on base; Quad Cities 0 - Lake County 3 |
| TOP OF THE 4TH |
|
Quad Cities River Bandits batting - Pitching for Lake County Captains : LHP Darrell Verkaik
|
|
Batting: SHB Salvador Gomez
|
0-0: Ground out 4-3 (Groundball, 4, EV 88.8 MPH)
|
|
Batting: RHB Kieron Clark
|
0-0: Called Strike 0-1: Foul Ball, location: 2F 0-2: Ball 1-2: Ball 2-2: Strikes out swinging
|
|
Batting: LHB Bruce Arvizu
|
0-0: Ball 1-0: Fly out, F9 (Flyball, 9S, EV 84.4 MPH)
|
| Top of the 4th over - 0 runs, 0 hits, 0 errors, 0 left on base; Quad Cities 0 - Lake County 3 |
| BOTTOM OF THE 4TH |
|
Lake County Captains batting - Pitching for Quad Cities River Bandits : RHP David Toellner
|
|
Batting: RHB Vij Ramamani
|
0-0: Foul Ball, location: 2F 0-1: Ground out 4-3 (Groundball, 4, EV 82.5 MPH)
|
|
Batting: RHB Gashie Chimsima
|
0-0: Called Strike 0-1: Ball 1-1: Ground out 6-3 (Groundball, 6, EV 101.2 MPH)
|
|
Batting: RHB Steve Gusman
|
0-0: Swinging Strike 0-1: SINGLE (Groundball, 34D, EV 106.2 MPH)
|
|
Batting: RHB David Schweitzer
|
0-0: Fly out, F4 (Line Drive, 4M, EV 69.4 MPH)
|
| Bottom of the 4th over - 0 runs, 1 hit, 0 errors, 1 left on base; Quad Cities 0 - Lake County 3 |
| TOP OF THE 5TH |
|
Quad Cities River Bandits batting - Pitching for Lake County Captains : LHP Darrell Verkaik
|
|
Batting: RHB Xavier Castaneda
|
0-0: Fly out, F8 (Flyball, 8LD, EV 103.1 MPH)
|
|
Batting: RHB Justin Olmstead
|
0-0: Called Strike 0-1: Foul Ball, location: 2F 0-2: Ball 1-2: Foul Ball, location: 2F 1-2: Strikes out looking
|
|
Batting: RHB Elijah Hunter
|
0-0: Called Strike 0-1: Called Strike 0-2: Fly out, F9 (Flyball, 9S, EV 91.2 MPH)
|
| Top of the 5th over - 0 runs, 0 hits, 0 errors, 0 left on base; Quad Cities 0 - Lake County 3 |
| BOTTOM OF THE 5TH |
|
Lake County Captains batting - Pitching for Quad Cities River Bandits : RHP David Toellner
|
|
Batting: LHB Devon Grant
|
0-0: Swinging Strike 0-1: Fly out, F8 (Line Drive, 8RM, EV 86.2 MPH)
|
|
Batting: LHB Danny Moreno
|
0-0: Ball 1-0: Ball 2-0: Foul Ball, location: 2F 2-1: Ball 3-1: Called Strike 3-2: Base on Balls
|
|
Pitching: RHP Chris Miles
|
|
|
Batting: RHB Ricky Butts
|
0-0: Ball 1-0: Fielders Choice at 2nd, 5-4 (Groundball, 15, EV 89.4 MPH)
|
|
Batting: RHB Josh Stinnett
|
0-0: Ball 1-0: Fly out, F8 (Flyball, 8LS, EV 75.0 MPH)
|
| Bottom of the 5th over - 0 runs, 0 hits, 0 errors, 1 left on base; Quad Cities 0 - Lake County 3 |
| TOP OF THE 6TH |
|
Quad Cities River Bandits batting - Pitching for Lake County Captains : LHP Darrell Verkaik
|
|
Batting: RHB Juan Mendoza
|
0-0: Ball 1-0: Ball 2-0: Called Strike 2-1: Ball 3-1: Base on Balls
|
|
Batting: LHB Josh Birkner
|
0-0: Ball 1-0: Ball 2-0: Ball 3-0: Called Strike 3-1: Base on Balls Juan Mendoza to second
|
|
Batting: RHB Jordan Williams
|
0-0: Ball 1-0: Called Strike 1-1: Ball 2-1: Ball 3-1: Foul Ball, location: 2F 3-2: Foul Ball, location: 2F 3-2: Base on Balls Juan Mendoza to third Josh Birkner to second
|
|
Pitching: LHP Jordan Jimenez
|
|
|
Batting: SHB Salvador Gomez
|
0-0: Ball 1-0: Ball 2-0: Foul Ball, location: 2F 2-1: Called Strike 2-2: Fly out, F8 (Flyball, 8RD, EV 96.2 MPH) Runner from 3rd tags up, SCORES, throw by CF
|
|
Batting: RHB Kieron Clark
|
0-0: Ball Wild Pitch! Josh Birkner to third Jordan Williams to second 1-0: Ball 2-0: DOUBLE (Line Drive, 78M, EV 88.8 MPH) Josh Birkner scores Jordan Williams scores
|
|
Pinch Hitting: RHB Nate Britton
|
0-0: Called Strike Kieron Clark is caught stealing 3rd base 2-5 0-1: Called Strike 0-2: Ground out 6-3 (Groundball, 6D, EV 98.1 MPH)
|
| Top of the 6th over - 3 runs, 1 hit, 0 errors, 0 left on base; Quad Cities 3 - Lake County 3 |
| BOTTOM OF THE 6TH |
|
Lake County Captains batting - Pitching for Quad Cities River Bandits : RHP Chris Miles
|
|
Now in LF: Nate Britton
|
|
|
Batting: RHB Reynaldo Herrera
|
0-0: Ball 1-0: Ball 2-0: Ball 3-0: Called Strike 3-1: Base on Balls
|
|
Batting: RHB Vij Ramamani
|
0-0: Called Strike 0-1: Foul Ball, location: 2F 0-2: 2-RUN HOME RUN (Flyball, 7LD, EV 96.2 MPH), Distance : 356 ft
|
|
Batting: RHB Gashie Chimsima
|
0-0: Called Strike 0-1: Foul Ball, location: 2F 0-2: Ball 1-2: Strikes out swinging
|
|
Batting: RHB Steve Gusman
|
0-0: SOLO HOME RUN (Flyball, 7D, EV 100.0 MPH), Distance : 381 ft
|
|
Batting: RHB David Schweitzer
|
0-0: Called Strike 0-1: SINGLE (Line Drive, 4D, EV 95.6 MPH)
|
|
Batting: LHB Devon Grant
|
0-0: Ball David Schweitzer steals 2nd base 1-0: Called Strike 1-1: SINGLE (Line Drive, 89S, EV 90.0 MPH) David Schweitzer to third
|
|
Batting: LHB Danny Moreno
|
0-0: Called Strike Devon Grant steals 2nd base 0-1: Ball 1-1: Intentional Walk
|
|
Batting: RHB Ricky Butts
|
0-0: Ball 1-0: Called Strike 1-1: Ball 2-1: Foul Ball, location: 2F 2-2: Ball 3-2: Foul Ball, location: 2F 3-2: DOUBLE (Groundball, 5L, EV 100.6 MPH) David Schweitzer scores Devon Grant scores Danny Moreno to third
|
|
Batting: RHB Josh Stinnett
|
0-0: Called Strike 0-1: Ball 1-1: Foul Ball, location: 2F 1-2: Fly out, F9 (Line Drive, 89M, EV 107.5 MPH)
|
|
Batting: RHB Reynaldo Herrera
|
0-0: Swinging Strike 0-1: Ball 1-1: Called Strike 1-2: Ball 2-2: Ball 3-2: Strikes out looking
|
| Bottom of the 6th over - 5 runs, 5 hits, 0 errors, 2 left on base; Quad Cities 3 - Lake County 8 |
| TOP OF THE 7TH |
|
Quad Cities River Bandits batting - Pitching for Lake County Captains : LHP Jordan Jimenez
|
|
Batting: RHB Xavier Castaneda
|
0-0: Ground out 6-3 (Groundball, 6, EV 81.2 MPH)
|
|
Batting: RHB Justin Olmstead
|
0-0: SINGLE (Flyball, 9LM, EV 88.1 MPH)
|
|
Batting: RHB Elijah Hunter
|
0-0: Ball 1-0: Called Strike 1-1: Ball 2-1: SINGLE (Line Drive, 8LS, EV 100.0 MPH) Justin Olmstead to second Runner from 2nd tries for 3rd, OUT! 8-5
|
|
Batting: RHB Juan Mendoza
|
0-0: Called Strike 0-1: Foul Ball, location: 2F 0-2: Fielders Choice at 2nd, 6-4 (Groundball, 6, EV 87.5 MPH)
|
| Top of the 7th over - 0 runs, 2 hits, 0 errors, 1 left on base; Quad Cities 3 - Lake County 8 |
| BOTTOM OF THE 7TH |
|
Lake County Captains batting - Pitching for Quad Cities River Bandits : RHP Chris Miles
|
|
Batting: RHB Vij Ramamani
|
0-0: TRIPLE (Flyball, 78XD, EV 106.9 MPH)
|
|
Batting: RHB Gashie Chimsima
|
0-0: Ball 1-0: Called Strike 1-1: Foul Ball, location: 2F 1-2: Foul Ball, location: 2F 1-2: Strikes out swinging
|
|
Batting: RHB Steve Gusman
|
0-0: SINGLE (Groundball, 25, EV 73.8 MPH) (infield hit)
|
|
Batting: RHB David Schweitzer
|
0-0: SINGLE (Line Drive, 4MD, EV 104.4 MPH) Vij Ramamani scores Steve Gusman to second
|
|
Batting: LHB Devon Grant
|
0-0: Ball 1-0: Called Strike 1-1: Ball 2-1: Ball 3-1: Foul Ball, location: 2F 3-2: Base on Balls Steve Gusman to third David Schweitzer to second
|
|
Batting: LHB Danny Moreno
|
0-0: Foul Ball, location: 2F 0-1: GRAND SLAM HOME RUN (Flyball, 9D, EV 99.4 MPH), Distance : 376 ft
|
|
Pitching: RHP Scott Spillman
|
|
|
Batting: RHB Ricky Butts
|
0-0: Foul Ball, location: 2F 0-1: Ball 1-1: Foul Ball, location: 2F 1-2: Ball 2-2: Ball 3-2: Base on Balls
|
|
Batting: RHB Josh Stinnett
|
0-0: Called Strike 0-1: Called Strike 0-2: SINGLE (Groundball, 56S, EV 67.5 MPH) (infield hit) Ricky Butts to second
|
|
Batting: RHB Reynaldo Herrera
|
0-0: Fly out, F8 (Line Drive, 8LS, EV 94.4 MPH)
|
|
Batting: RHB Vij Ramamani
|
0-0: Ball 1-0: Ball 2-0: Foul Ball, location: 2F 2-1: Ball 3-1: Swinging Strike 3-2: Strikes out swinging
|
| Bottom of the 7th over - 5 runs, 5 hits, 0 errors, 2 left on base; Quad Cities 3 - Lake County 13 |
| TOP OF THE 8TH |
|
Quad Cities River Bandits batting - Pitching for Lake County Captains : LHP Jordan Jimenez
|
|
Batting: LHB Josh Birkner
|
0-0: Ball 1-0: Ball 2-0: Called Strike 2-1: Fly out, F8 (Flyball, 78D, EV 86.9 MPH)
|
|
Pinch Hitting: RHB Bobby Dunn
|
0-0: Called Strike 0-1: Ball 1-1: Ball 2-1: Foul Ball, location: 2F 2-2: Ground out 5-3 (Groundball, 5S, EV 84.4 MPH)
|
|
Batting: SHB Salvador Gomez
|
0-0: Called Strike 0-1: Ball 1-1: Ground out U3 (Groundball, 3L, EV 88.8 MPH)
|
| Top of the 8th over - 0 runs, 0 hits, 0 errors, 0 left on base; Quad Cities 3 - Lake County 13 |
| BOTTOM OF THE 8TH |
|
Lake County Captains batting - Pitching for Quad Cities River Bandits : RHP Scott Spillman
|
|
Now in LF: Bobby Dunn
|
|
|
Now in RF: Nate Britton
|
|
|
Batting: RHB Gashie Chimsima
|
0-0: Called Strike 0-1: Foul Ball, location: 2F 0-2: Ball 1-2: Ball 2-2: DOUBLE (Line Drive, 89D, EV 100.0 MPH)
|
|
Pinch Hitting: RHB Shane Smith
|
0-0: Foul Ball, location: 2F 0-1: Swinging Strike 0-2: Foul Ball, location: 2F 0-2: Ball 1-2: 2-RUN HOME RUN (Flyball, 7LD, EV 100.0 MPH), Distance : 361 ft
|
|
Batting: RHB David Schweitzer
|
0-0: Ball 1-0: Called Strike 1-1: Ball 2-1: Called Strike 2-2: Ball 3-2: Foul Ball, location: 2F 3-2: Reached on error, E6 (Groundball, 56, EV 76.2 MPH)
|
|
Batting: LHB Devon Grant
|
0-0: Swinging Strike 0-1: Foul Ball, location: 2F 0-2: Ball 1-2: Foul Ball, location: 2F 1-2: Strikes out swinging
|
|
Batting: LHB Danny Moreno
|
0-0: Called Strike 0-1: Ball 1-1: Ball 2-1: Ball 3-1: Base on Balls
|
|
Batting: RHB Ricky Butts
|
0-0: Called Strike 0-1: Ball 1-1: Foul Ball, location: 2F 1-2: Ball 2-2: Ball 3-2: Grounds into double play, 5-4-3 (Groundball, 56, EV 75.6 MPH)
|
| Bottom of the 8th over - 2 runs, 2 hits, 1 error, 1 left on base; Quad Cities 3 - Lake County 15 |
| TOP OF THE 9TH |
|
Quad Cities River Bandits batting - Pitching for Lake County Captains : LHP Jordan Jimenez
|
|
Now in LF: Shane Smith
|
|
|
Batting: RHB Kieron Clark
|
0-0: Called Strike 0-1: Ground out 6-3 (Groundball, 6, EV 105.6 MPH)
|
|
Batting: RHB Nate Britton
|
0-0: Swinging Strike 0-1: Ball 1-1: Foul Ball, location: 2F 1-2: Foul Ball, location: 2F 1-2: Foul Ball, location: 2F 1-2: Strikes out looking
|
|
Batting: RHB Xavier Castaneda
|
0-0: SINGLE (Groundball, 56, EV 102.5 MPH) (infield hit)
|
|
Batting: RHB Justin Olmstead
|
0-0: Foul Ball, location: 2F 0-1: Fielders Choice at 2nd, 5-4 (Groundball, 5L, EV 90.6 MPH)
|
| Top of the 9th over - 0 runs, 1 hit, 0 errors, 1 left on base; Quad Cities 3 - Lake County 15 |
|